 Dungeon Crawl Stone Soup version 0.22.0 (webtiles) character file.

62 BigChef the Grasshopper (level 3, 0/27 HPs)
             Began as a Demonspawn Warper on Aug 20, 2018.
             Slain by an adder (1 damage)
             ... on level 2 of the Dungeon.
             The game lasted 00:03:28 (1239 turns).

BigChef the Grasshopper (Demonspawn Warper)         Turns: 1239, Time: 00:03:28

Health: 0/27       AC:  3    Str: 12    XL:     3   Next: 85%
Magic:  5/6        EV: 12    Int: 14    God:
Gold:   51         SH:  0    Dex: 12    Spells: 4/6 levels left

rFire    . . .     SeeInvis .   a - +0 spear
rCold    . . .     Gourm    .   (no shield)
rNeg     . . .     Faith    .   b - +0 leather armour
rPois    .         Spirit   .   (no helmet)
rElec    .         Reflect  .   (no cloak)
rCorr    +         Harm     .   (no gloves)
MR       +....                  (no boots)
Stlth    +.........             k - amulet of magic regeneration
HPRegen  0.09/turn              i - ring of protection from magic
MPRegen  0.35/turn              j - ring of resist corrosion

@: no status effects
A: rot immunity
a: no special abilities


You were on level 2 of the Dungeon.
You were hungry.

You visited 1 branch of the dungeon, and saw 2 of its levels.

You collected 51 gold pieces.

Inventory:

Hand Weapons
 a - a +0 spear (weapon)
Missiles
 e - 5 tomahawks of dispersal (quivered)
Armour
 b - a +0 leather armour (worn)
 g - a +0 scale mail
Jewellery
 i - a ring of protection from magic (left hand)
 j - a ring of resist corrosion (right hand)
 k - an amulet of magic regeneration (around neck)
Scrolls
 c - a scroll of remove curse {unknown}
 d - 2 scrolls of blinking
 h - a scroll of amnesia {unknown}
Potions
 l - a potion of heal wounds {unknown}
Comestibles
 f - 4 rations


   Skills:
 + Level 2.2 Fighting
 + Level 2.7 Polearms
 + Level 1.1 Throwing
 + Level 1.1 Armour
 + Level 2.3 Dodging
 + Level 2.4 Spellcasting
 + Level 2.8 Translocations


You had 4 spell levels left.
You knew the following spells:

 Your Spells              Type           Power        Failure   Level  Hunger
a - Blink                 Tloc           N/A          14%         2    ###....

Your spell library contained the following spells:

 Spells                   Type           Power        Failure   Level  Hunger
 Teleport Other           Tloc           #.......     26%         3    ###....
 Passage of Golubria      Tloc           N/A          65%         4    #####..
 Shroud of Golubria       Chrm/Tloc      #.........   24%         2    ###....
 Gell's Gravitas          Tloc           #.........   26%         3    ###....
 Lesser Beckoning         Tloc           #.........   26%         3    ###....


Dungeon Overview and Level Annotations

Branches:
Dungeon (2/15)

Altars:


Innate Abilities, Weirdness & Mutations

You are immune to rotting.


Message History

The adder hisses angrily.
The adder bites you but does no damage.
You miss the adder. The adder bites you but does no damage.
You miss the adder. The adder closely misses you. The adder bites you.
You hit the adder.
The adder is lightly wounded.
The adder bites you.
* * * LOW HITPOINT WARNING * * *
You hit the adder.
The adder is moderately wounded.
The adder bites you.
* * * LOW HITPOINT WARNING * * *
You hit the adder.
The adder is heavily wounded.
The adder bites you.
* * * LOW HITPOINT WARNING * * *
You barely miss the adder.
The adder is heavily wounded.
The adder bites you.
You die...

#.###.......
#######.###.######
#...........#
#.#####.###.#
#.###รท..# #.#
#.##.###.##.#
#.#.## #.#.# #.S##
#..# #@.# .## #..#
#.# #.#.### #..#
#.##..##.#.#
#.##....##.#
#.#......#.#
##........#.#
#...........#######
##............)....


You could see an adder.

Vanquished Creatures
  A worker ant (D:2)
  An adder (D:2)
  A leopard gecko (D:1)
  3 giant cockroaches
  5 goblins
  4 hobgoblins (D:1)
  A quokka (D:2)
  A ball python (D:2)
  2 bats (D:1)
  3 frilled lizards (D:1)
  2 kobolds
  3 rats
27 creatures vanquished.

Notes
Turn   | Place    | Note
-------+----------+-------------------------------------------
     0 | D:1      | BigChef the Demonspawn Warper began the quest for the Orb.
     0 | D:1      | Reached XP level 1. HP: 16/16 MP: 3/3
   103 | D:1      | Reached skill level 1 in Throwing
   192 | D:1      | Gained mutation: You are immune to rotting. [demonic ancestry]
   192 | D:1      | Reached XP level 2. HP: 17/22 MP: 5/5
   213 | D:1      | Learned a level 2 spell: Blink
   711 | D:2      | Reached XP level 3. HP: 15/27 MP: 6/6
  1154 | D:2      | Reached skill level 1 in Armour
  1238 | D:2      | HP: 1/27 [adder (5)]
  1239 | D:2      | Slain by an adder

Skill      XL: |  1  2  3 |
---------------+----------+-----
Dodging        | 2 |  2.3
Throwing       | 1 |  1.1
Polearms       | 2 |  2.7
Armour         | 1 |  1.1
Fighting       | |  2.2
Spellcasting   | |  2.4
Translocations | |  2.8

Action                   || total
-------------------------++-------
Melee: Spear             ||   116
 Cast: Blink             ||     8
  Use: Potion            ||     1
  Eat: Chunk             ||     1
Armor: Leather armour    ||    18
Dodge: Dodged            ||    62
